 Dungeon Crawl Stone Soup version 0.31-a0-538-gbc85326fa9 (webtiles) character file.

Game seed: 14339121158184731357

459 HoaS the Shooter (level 7, -7/40 HPs)
             Began as a Gargoyle Hunter on Aug 13, 2023.
             Was a Follower of Zin.
             Mangled by an orc warrior
             ... wielding a +0 mace
              (8 damage)
             ... on level 4 of the Dungeon.
             The game lasted 00:13:00 (2733 turns).

HoaS the Shooter (Gargoyle Hunter)                  Turns: 2733, Time: 00:13:00

Health: -7/40      AC:  8    Str: 15    XL:     7   Next: 6%
Magic:  8/8        EV: 11    Int:  9    God:    Zin [*.....]
Gold:   198        SH:  0    Dex: 15    Spells: 6/6 levels left

rFire   . . .        f - +3 orcbow
rCold   . . .        (shield currently unavailable)
rNeg    + . .        c - +0 leather armour
rPois   ∞            i - +0 helmet
rElec   +            (no cloak)
rCorr   .            (no gloves)
SInv    .            (no boots)
Will    .....        (no amulet)
Stlth   ++           (no ring)
HPRegen 0.26/turn    (no ring)
MPRegen 0.11/turn

%: no passive effects
@: on recite cooldown
A: sickness immunity, AC +4, negative energy resistance 1, electricity
resistance, torment resistance 1, petrification resistance
a: Renounce Religion, Recite, Donate Gold


You were on level 4 of the Dungeon.
You worshipped Zin.
Zin was aware of your devotion.
You visited 1 branch of the dungeon, and saw 4 of its levels.

You collected 220 gold pieces.
You donated 22 gold pieces to Zin.

Inventory:

Hand Weapons
 f - a +3 orcbow (weapon)
Armour
 c - a +0 leather armour (worn)
 i - a +0 helmet (worn)
Wands
 j - a wand of digging (8)
Scrolls
 b - a scroll of butterflies
 g - a scroll of teleportation
 l - a scroll of revelation
 m - a scroll of identify
Potions
 a - a potion of enlightenment
 d - 4 potions of curing
 e - a potion of lignification
 h - a potion of resistance


   Skills:
 - Level 2.1 Fighting
 * Level 7.9 Ranged Weapons
 - Level 1.5 Dodging
 - Level 1.1 Stealth
 - Level 2.0 Invocations


You had 6 spell levels left.
You didn't know any spells.
Your spell library contained the following spells:

 Spells                   Type           Power      Damage    Failure   Level
 Poisonous Vapours        Pois/Air       0%         N/A       58%         2
 Mephitic Cloud           Conj/Pois/Air  0%         N/A       83%         3
 Freezing Cloud           Conj/Ice/Air   0%         6-21      100%        5


Dungeon Overview and Level Annotations

Branches:
Dungeon (4/15)
 Temple: D:4-7

Altars:
Zin


Innate Abilities, Weirdness & Mutations

You are immune to sickness and miasma.
Your stone body is resilient. (AC +4)
You are immune to poison.
You resist negative energy. (rN+)
You are resistant to electric shocks. (rElec)
You are resistant to unholy torment.
You are immune to petrification.


Message History

The orc wizard gestures wildly while chanting.
The orc wizard flickers and vanishes!
Deactivating autopickup; reactivate with Ctrl-A.
The orc warrior hits you with a +0 mace.
You shoot an arrow.
The arrow barely misses the orc warrior.
The orc priest hits the orc warrior with a +0 falchion.
You shoot an arrow. The arrow hits the orc warrior.
The orc warrior is heavily wounded.
The orc warrior barely misses you.
The orc priest hits you but does no damage.
You shoot an arrow.
The arrow barely misses the orc warrior.
The orc warrior closely misses you.
The orc priest hits you with a +0 falchion.
The orc priest hits itself with a +0 falchion.
Something hits you but does no damage.
You shoot an arrow. The arrow hits the orc warrior!
The orc warrior is almost dead.
The orc warrior barely misses you. Something hits you but does no damage.
You shoot an arrow.
The arrow closely misses the orc warrior.
The orc warrior closely misses you.
The orc priest hits you but does no damage.
Something hits you.
You shoot an arrow.
The arrow barely misses the orc warrior.
The orc warrior hits you with a +0 mace!
The orc priest hits something with a +0 falchion.
Something hits you.
You shoot an arrow. The arrow hits the orc warrior.
The orc warrior is almost dead.
The orc warrior hits you with a +0 mace!
* * * LOW HITPOINT WARNING * * *
The orc priest closely misses you. Something hits you.
* * * LOW HITPOINT WARNING * * *
You shoot an arrow.
The arrow completely misses the orc warrior.
The orc warrior hits you with a +0 mace!
You die...

####)#..>........! ... #.
###........#..)o. .....##. #
#...#h.#...##.†o. #....#..
..##.#..##...........## ##.......
.........#.....#......##.........
....#......##.###.##.............
... #####..#...# ##.†###.........
.. ##....######†.##.........
#.......@###)###.........
#.......oo{....#.........
##...)#####.......#......
##....####(......#..##..
###..#.##..........##..
#..................#...
#.............##...#.....
##.....#......##..##..#.#
###...###.#.########.)..


You could see an orc warrior and an orc priest (confused).

Vanquished Creatures
  Sigmund (D:4)
  An orc priest (D:4)
  A sleepcap (D:4)
  Terence (D:3)
  Natasha (twice) (D:3)
  Robin (D:3)
  6 adders
  2 worms
  3 dart slugs
  8 endoplasms
  3 giant cockroaches
  9 hobgoblins
  2 jackals (D:4)
  2 quokkas (D:1)
  14 ball pythons
  5 bats
  9 frilled lizards
  19 goblins
  12 kobolds
  9 rats
110 creatures vanquished.

Notes
Turn   | Place    | Note
-------+----------+-------------------------------------------
     0 | D:1      | HoaS the Gargoyle Hunter began the quest for the Orb.
     0 | D:1      | Reached XP level 1. HP: 12/12 MP: 1/1
    39 | D:1      | Reached XP level 2. HP: 17/17 MP: 2/2
   197 | D:1      | Reached XP level 3. HP: 7/21 MP: 3/3
   269 | D:1      | Reached skill level 5 in Ranged Weapons
   623 | D:2      | Found a faded altar of an unknown god.
   937 | D:2      | Reached XP level 4. HP: 26/26 MP: 4/4
  1578 | D:3      | Noticed Robin
  1608 | D:3      | Killed Robin
  1668 | D:3      | Found a glowing silver altar of Zin.
  1866 | D:3      | Reached skill level 6 in Ranged Weapons
  1877 | D:3      | Noticed Natasha
  1896 | D:3      | Killed Natasha
  1897 | D:3      | Reached XP level 5. HP: 27/30 MP: 5/5
  2339 | D:3      | Became a worshipper of Zin the Law-Giver
  2339 | D:3      | Reached * piety under Zin
  2348 | D:3      | Noticed Terence
  2351 | D:3      | Killed Terence
  2372 | D:4      | Noticed an orc warrior
  2389 | D:3      | Noticed Natasha
  2394 | D:3      | Killed Natasha
  2395 | D:3      | Reached skill level 1 in Invocations
  2395 | D:3      | Reached XP level 6. HP: 15/35 MP: 6/6
  2582 | D:4      | Reached skill level 7 in Ranged Weapons
  2592 | D:4      | Noticed Sigmund
  2633 | D:4      | Killed Sigmund
  2698 | D:4      | Reached XP level 7. HP: 37/40 MP: 8/8
  2732 | D:4      | HP: 2/40 [orc warrior/+0 mace (12)]
  2733 | D:4      | Mangled by an orc warrior

Illustrated notes

Levels and vault maps discovered:
D:1:      mrwooster_arrival_statue, layout_rooms, minivault_26,
          minmay_pentomino_v4
D:2:      layout_loops_ring, nicolae_ecumenical_pavilion,
          grunt_decor_mini_mirrors
D:3:      minmay_chambers_of_threes, layout_basic, zin_treasury,
          wad_floor_pattern_2, minmay_statues_item, nrook_loot_triangle,
          wander_ebering_terrifying_dragon_lair, uniq_terence, uniq_natasha,
          uniq_robin
D:4:      layout_cave_pools, mainiacjoe_overflow_alcove_2,
          minmay_temple_entry_antechambers, serial_bayou_lake_a, uniq_sigmund,
          uniq_blork_the_orc

Skill      XL: |  1  2  3  4  5  6 |
---------------+-------------------+-----
Ranged Weapons | 5 6 7 |  7.9
Invocations    | 1 2 |  2.0
Fighting       | |  2.1
Dodging        | |  1.5
Stealth        | |  1.1

Action                     |  1- 3 |  4- 6 |  7- 9 || total
---------------------------+-------+-------+-------++-------
   Fire: Shortbow          |    77 |       |       ||    77
         Orcbow            |    36 |   169 |    22 ||   227
 Invoke: Recite            |       |     1 |     1 ||     2
    Use: Scroll            |     4 |    11 |       ||    15
         Potion            |       |     1 |     1 ||     2
 Armour: Leather armour    |    11 |    40 |     6 ||    57
  Dodge: Dodged            |    32 |    54 |    12 ||    98

Table legend: (Time is in decaauts)
 A = Elapsed time spent in this place.
 B = Non-inter-level travel time spent in this place.
 C = Inter-level travel time spent in this place.
 D = Time resting spent in this place.
 E = Time spent auto-exploring this place.
 F = Levels seen in this place.
 G = Mean time per level.
                   A        B        C        D        E       F      G
               +--------+--------+--------+--------+--------+-----+--------+
         Total |   2797 |   2673 |    124 |    343 |   1702 |   4 |  699.2 |
       Dungeon |   2797 |   2673 |    124 |    343 |   1702 |   4 |  699.2 |
               +--------+--------+--------+--------+--------+-----+--------+

Top non-repeatable levels by time:
     D:3: 1172 daAuts
     D:2: 739 daAuts
     D:1: 641 daAuts
     D:4: 243 daAuts
